EL
TRENTON THUNDER @ JACKSON GENERALS
08/17/2046
 
TOP OF THE 1ST
Trenton Thunder batting - Pitching for Jackson Generals : LHP Matt Lee
Pitching: LHP Matt Lee
Batting: RHB Tim Osborn 0-0: Ball
1-0: Ball
2-0: Foul Ball, location: 2F
2-1: Called Strike
2-2: Ground out 4-3 (Groundball, 4, EV 83.8 MPH)
Batting: RHB Jose Tovar 0-0: Foul Ball, location: 2F
0-1: Called Strike
0-2: Ground out 6-3 (Groundball, 6, EV 88.1 MPH)
Batting: LHB Bobby Upton 0-0: Ball
1-0: Foul Ball, location: 2F
1-1: Ball
2-1: Ball
3-1: Ground out 4-3 (Groundball, 34D, EV 75.6 MPH)
Top of the 1st over - 0 runs, 0 hits, 0 errors, 0 left on base; Trenton 0 - Jackson 0
BOTTOM OF THE 1ST
Jackson Generals batting - Pitching for Trenton Thunder : RHP Bobby Mott
Pitching: RHP Bobby Mott
Batting: RHB Sean Peake 0-0: Ball
1-0: Foul Ball, location: 2F
1-1: Foul Ball, location: 2F
1-2: Strikes out swinging
Batting: RHB Josh Ruhl 0-0: Foul Ball, location: 2F
0-1: Foul Ball, location: 2F
0-2: Foul Ball, location: 2F
0-2: Ball
1-2: Ball
2-2: Ball
3-2: Ground out U3 (Groundball, 34, EV 100.0 MPH)
Batting: LHB Tom Reynolds 0-0: Fly out, F6 (Popup, 6MD, EV 50.6 MPH)
Bottom of the 1st over - 0 runs, 0 hits, 0 errors, 0 left on base; Trenton 0 - Jackson 0
TOP OF THE 2ND
Trenton Thunder batting - Pitching for Jackson Generals : LHP Matt Lee
Batting: RHB Christian Shearer 0-0: Fly out, F9 (Flyball, 9S, EV 95.6 MPH)
Batting: SHB Ryan Buchbinder 0-0: Ball
1-0: Ground out 6-3 (Groundball, 6M, EV 83.8 MPH)
Batting: RHB Larry Martell 0-0: Ball
1-0: DOUBLE (Flyball, 8LXD, EV 113.1 MPH)
Batting: RHB Dale Altman 0-0: Called Strike
0-1: SINGLE (Line Drive, 89S, EV 90.6 MPH)
Larry Martell to third
Runner from 3rd tries for Home, throw by RF and OUT! 9-2
Top of the 2nd over - 0 runs, 2 hits, 0 errors, 1 left on base; Trenton 0 - Jackson 0
BOTTOM OF THE 2ND
Jackson Generals batting - Pitching for Trenton Thunder : RHP Bobby Mott
Batting: RHB Robby Cuellar 0-0: Ball
1-0: Ground out U3 (Groundball, 3, EV 83.8 MPH)
Batting: LHB Jawad Fahad 0-0: Fly out, F9 (Flyball, 9D, EV 96.9 MPH)
Batting: SHB Jose Castillo 0-0: Ball
1-0: Swinging Strike
1-1: Ball
2-1: Ball
3-1: Ground out 5-3 (Groundball, 6S, EV 68.8 MPH)
Bottom of the 2nd over - 0 runs, 0 hits, 0 errors, 0 left on base; Trenton 0 - Jackson 0
TOP OF THE 3RD
Trenton Thunder batting - Pitching for Jackson Generals : LHP Matt Lee
Batting: RHB Nazeeh Zubair 0-0: Ball
1-0: Foul Ball, location: 2F
1-1: Foul Ball, location: 2F
1-2: Foul Ball, location: 2F
1-2: Ball
2-2: Strikes out swinging
Batting: RHB Roberto Tena 0-0: Called Strike
0-1: Foul Ball, location: 2F
0-2: Ball
1-2: Ball
2-2: Ground out 6-3 (Groundball, 6, EV 86.2 MPH)
Batting: RHB Tim Osborn 0-0: Called Strike
0-1: Ball
1-1: Ball
2-1: Ground out 4-3 (Groundball, 13, EV 88.8 MPH)
Top of the 3rd over - 0 runs, 0 hits, 0 errors, 0 left on base; Trenton 0 - Jackson 0
BOTTOM OF THE 3RD
Jackson Generals batting - Pitching for Trenton Thunder : RHP Bobby Mott
Batting: RHB Joe Stading 0-0: Called Strike
0-1: Ground out 5-3 (Groundball, 56, EV 108.1 MPH)
Batting: RHB Clay Statum 0-0: Ball
1-0: DOUBLE (Line Drive, 5D, EV 107.5 MPH)
Batting: LHB Adam Lancaster 0-0: Called Strike
0-1: Ball
1-1: Swinging Strike
1-2: Strikes out swinging
Batting: RHB Sean Peake 0-0: Ball
1-0: Called Strike
1-1: Ball
2-1: Ground out 5-3 (Groundball, 56S, EV 89.4 MPH)
Bottom of the 3rd over - 0 runs, 1 hit, 0 errors, 1 left on base; Trenton 0 - Jackson 0
TOP OF THE 4TH
Trenton Thunder batting - Pitching for Jackson Generals : LHP Matt Lee
Batting: RHB Jose Tovar 0-0: Ball
1-0: Foul Ball, location: 2F
1-1: Ball
2-1: Called Strike
2-2: Foul Ball, location: 2F
2-2: Foul Ball, location: 2F
2-2: Foul Ball, location: 2F
2-2: Foul Ball, location: 2F
2-2: Ball
3-2: Strikes out swinging
Batting: LHB Bobby Upton 0-0: Fly out, F8 (Flyball, 8LD, EV 93.1 MPH)
Batting: RHB Christian Shearer 0-0: Ground out 6-3 (Groundball, 56, EV 83.8 MPH)
Top of the 4th over - 0 runs, 0 hits, 0 errors, 0 left on base; Trenton 0 - Jackson 0
BOTTOM OF THE 4TH
Jackson Generals batting - Pitching for Trenton Thunder : RHP Bobby Mott
Batting: RHB Josh Ruhl 0-0: Ball
1-0: Foul Ball, location: 2F
1-1: Ball
2-1: Ball
3-1: Ground out 6-3 (Groundball, 6M, EV 91.2 MPH)
Batting: LHB Tom Reynolds 0-0: Ball
1-0: Swinging Strike
1-1: Ball
2-1: Ball
3-1: Called Strike
3-2: Foul Ball, location: 2F
3-2: DOUBLE (Flyball, 8RD, EV 97.5 MPH)
Batting: RHB Robby Cuellar 0-0: Ball
1-0: Foul Ball, location: 2F
1-1: Ball
2-1: Ball
3-1: SINGLE (Line Drive, 5L, EV 95.6 MPH)
Tom Reynolds to third
Batting: LHB Jawad Fahad 0-0: Ball
1-0: Ball
2-0: Called Strike
2-1: Swinging Strike
2-2: Fielders Choice at 2nd, 3-6 (Groundball, 3, EV 83.1 MPH)
Tom Reynolds scores
Batting: SHB Jose Castillo 0-0: Ball
1-0: Foul Ball, location: 2F
1-1: Foul Ball, location: 2F
1-2: Strikes out looking
Bottom of the 4th over - 1 run, 2 hits, 0 errors, 1 left on base; Trenton 0 - Jackson 1
TOP OF THE 5TH
Trenton Thunder batting - Pitching for Jackson Generals : LHP Matt Lee
Batting: SHB Ryan Buchbinder 0-0: Called Strike
0-1: SINGLE (Groundball, 6MD, EV 98.8 MPH)
Batting: RHB Larry Martell 0-0: Ball
1-0: Ball
2-0: Called Strike
2-1: Called Strike
2-2: Ball
3-2: Strikes out swinging
Batting: RHB Dale Altman 0-0: Called Strike
0-1: Ball
1-1: Fielders Choice at 2nd, 6-4 (Groundball, 56, EV 104.4 MPH)
Batting: RHB Nazeeh Zubair 0-0: Swinging Strike
0-1: Foul Ball, location: 2F
0-2: Foul Ball, location: 2F
0-2: Fly out, F7 (Flyball, 7, EV 96.9 MPH)
Top of the 5th over - 0 runs, 1 hit, 0 errors, 1 left on base; Trenton 0 - Jackson 1
BOTTOM OF THE 5TH
Jackson Generals batting - Pitching for Trenton Thunder : RHP Bobby Mott
Batting: RHB Joe Stading 0-0: Ball
1-0: Ball
2-0: Called Strike
2-1: Ball
3-1: Foul Ball, location: 2F
3-2: Strikes out swinging
Batting: RHB Clay Statum 0-0: Ball
1-0: Ball
2-0: Called Strike
2-1: Foul Ball, location: 2F
2-2: Ball
3-2: Foul Ball, location: 2F
3-2: Foul Ball, location: 2F
3-2: Strikes out swinging
Batting: LHB Adam Lancaster 0-0: Ball
1-0: SINGLE (Groundball, 13S, EV 66.2 MPH) (infield hit)
Batting: RHB Sean Peake 0-0: Ball
1-0: 2-RUN HOME RUN (Flyball, 7D, EV 100.6 MPH), Distance : 390 ft
Batting: RHB Josh Ruhl 0-0: Ball
1-0: SINGLE (Groundball, 6M, EV 76.9 MPH) (infield hit)
Batting: LHB Tom Reynolds 0-0: Ball
1-0: Foul Ball, location: 2F
1-1: Foul Ball, location: 2F
1-2: Ground out 5-3 (Groundball, 15, EV 84.4 MPH)
Bottom of the 5th over - 2 runs, 3 hits, 0 errors, 1 left on base; Trenton 0 - Jackson 3
TOP OF THE 6TH
Trenton Thunder batting - Pitching for Jackson Generals : LHP Matt Lee
Batting: RHB Roberto Tena 0-0: Called Strike
0-1: Ground out 5-3 (Groundball, 56S, EV 88.8 MPH)
Batting: RHB Tim Osborn 0-0: Swinging Strike
0-1: Called Strike
0-2: Ball
1-2: Foul Ball, location: 2F
1-2: Ball
2-2: Foul Ball, location: 2F
2-2: Ball
3-2: SINGLE (Line Drive, 89M, EV 104.4 MPH)
Batting: RHB Jose Tovar 0-0: Called Strike
0-1: Swinging Strike
0-2: Strikes out swinging
Batting: LHB Bobby Upton 0-0: Swinging Strike
0-1: Foul Ball, location: 2F
0-2: Ball
1-2: Foul Ball, location: 2F
1-2: Strikes out swinging
Top of the 6th over - 0 runs, 1 hit, 0 errors, 1 left on base; Trenton 0 - Jackson 3
BOTTOM OF THE 6TH
Jackson Generals batting - Pitching for Trenton Thunder : RHP Bobby Mott
Batting: RHB Robby Cuellar 0-0: Swinging Strike
0-1: Fly out, F9 (Flyball, 89M, EV 88.1 MPH)
Batting: LHB Jawad Fahad 0-0: SINGLE (Groundball, 4D, EV 93.8 MPH)
Batting: SHB Jose Castillo 0-0: SINGLE (Groundball, 56, EV 95.6 MPH)
Jawad Fahad to second
Batting: RHB Joe Stading 0-0: Ball
1-0: Swinging Strike
1-1: Foul Ball, location: 2F
1-2: Fielders Choice at 2nd, 3-6 (Groundball, 34, EV 95.6 MPH)
Jawad Fahad to third
Batting: RHB Clay Statum 0-0: Called Strike
0-1: Ball
1-1: Ground out 1-3 (Groundball, 13, EV 63.8 MPH)
Bottom of the 6th over - 0 runs, 2 hits, 0 errors, 2 left on base; Trenton 0 - Jackson 3
TOP OF THE 7TH
Trenton Thunder batting - Pitching for Jackson Generals : LHP Matt Lee
Pitching: RHP Settan Suzuki
Batting: RHB Christian Shearer 0-0: Swinging Strike
0-1: Swinging Strike
0-2: Strikes out looking
Batting: SHB Ryan Buchbinder 0-0: Ball
1-0: Ball
2-0: Fly out, F8 (Flyball, 8RD, EV 94.4 MPH)
Batting: RHB Larry Martell 0-0: Called Strike
0-1: Ball
1-1: Foul Ball, location: 2F
1-2: Fly out, F8 (Line Drive, 8RD, EV 88.8 MPH)
Top of the 7th over - 0 runs, 0 hits, 0 errors, 0 left on base; Trenton 0 - Jackson 3
BOTTOM OF THE 7TH
Jackson Generals batting - Pitching for Trenton Thunder : RHP Bobby Mott
Batting: LHB Adam Lancaster 0-0: Ground out 6-3 (Groundball, 6M, EV 96.9 MPH)
Batting: RHB Sean Peake 0-0: Ball
1-0: Called Strike
1-1: Swinging Strike
1-2: Ball
2-2: Ball
3-2: Fly out, F9 (Flyball, 9, EV 93.8 MPH)
Batting: RHB Josh Ruhl 0-0: Foul Ball, location: 2F
0-1: Ball
1-1: Foul Ball, location: 2F
1-2: Ground out 6-3 (Groundball, 6, EV 108.1 MPH)
Bottom of the 7th over - 0 runs, 0 hits, 0 errors, 0 left on base; Trenton 0 - Jackson 3
TOP OF THE 8TH
Trenton Thunder batting - Pitching for Jackson Generals : RHP Settan Suzuki
Batting: RHB Dale Altman 0-0: Swinging Strike
0-1: Ball
1-1: Called Strike
1-2: Foul Ball, location: 2F
1-2: Foul Ball, location: 2F
1-2: Ball
2-2: Ground out 2-3 (Groundball, 15S, EV 70.6 MPH)
Batting: RHB Nazeeh Zubair 0-0: Ground out 5-3 (Groundball, 56, EV 86.9 MPH)
Batting: RHB Roberto Tena 0-0: Ball
1-0: Called Strike
1-1: Swinging Strike
1-2: Foul Ball, location: 2F
1-2: Ball
2-2: Ball
3-2: Strikes out swinging
Top of the 8th over - 0 runs, 0 hits, 0 errors, 0 left on base; Trenton 0 - Jackson 3
BOTTOM OF THE 8TH
Jackson Generals batting - Pitching for Trenton Thunder : RHP Bobby Mott
Pitching: RHP Antonio Castillo
Batting: LHB Tom Reynolds 0-0: Ball
1-0: Called Strike
1-1: Ball
2-1: Foul Ball, location: 2F
2-2: Ball
3-2: Base on Balls
Batting: RHB Robby Cuellar 0-0: Ball
1-0: Foul Ball, location: 2F
1-1: Called Strike
1-2: Ball
2-2: Foul Ball, location: 2F
2-2: Fly out, F9 (Flyball, 9D, EV 82.5 MPH)
Batting: LHB Jawad Fahad 0-0: Called Strike
0-1: Ball
1-1: SINGLE (Line Drive, 78S, EV 113.1 MPH)
Tom Reynolds to second
Batting: SHB Jose Castillo 0-0: SINGLE (Groundball, 4MD, EV 94.4 MPH)
Tom Reynolds to third
Jawad Fahad to second
Batting: RHB Joe Stading 0-0: Called Strike
0-1: Ball
1-1: Swinging Strike
1-2: Strikes out swinging
Batting: RHB Clay Statum 0-0: Called Strike
0-1: Foul Ball, location: 2F
0-2: Ball
1-2: Strikes out swinging
Bottom of the 8th over - 0 runs, 2 hits, 0 errors, 3 left on base; Trenton 0 - Jackson 3
TOP OF THE 9TH
Trenton Thunder batting - Pitching for Jackson Generals : RHP Settan Suzuki
Pitching: RHP David Lane
Batting: RHB Tim Osborn 0-0: Fly out, F7 (Flyball, 78M, EV 91.2 MPH)
Batting: RHB Jose Tovar 0-0: Called Strike
0-1: Ball
1-1: Swinging Strike
1-2: Ball
2-2: Ball
3-2: Base on Balls
Batting: LHB Bobby Upton 0-0: Called Strike
0-1: Foul Ball, location: 2F
0-2: Ball
1-2: Reached on error, E5 (Groundball, 5, EV 106.9 MPH)
Jose Tovar to second
Batting: RHB Christian Shearer 0-0: Hit by Pitch
Jose Tovar to third
Bobby Upton to second
Batting: SHB Ryan Buchbinder 0-0: Fly out, F7 (Flyball, 7S, EV 86.9 MPH)
Batting: RHB Larry Martell 0-0: Ball
1-0: Foul Ball, location: 2F
1-1: Ground out 4-3 (Groundball, 4, EV 89.4 MPH)
Top of the 9th over - 0 runs, 0 hits, 1 error, 3 left on base; Trenton 0 - Jackson 3
Tuesday, September 13th , 2022 - OOTP Baseball 23.7 Build 88